AoeStats
← isarco25girasoles

Golden Pit

510194728Analyzed
1v1 RM · 2d ago on Sep 29, 2026· 38m 7s· 2 players
Game mode
Random Map
Map size
Tiny (2 player)
Population
200
Speed
Normal
Resources
Standard
Victory
Conquest
Starting age
Dark Age
Ending age
Imperial Age
RankedLock teamsTeams togetherTeam positionsShared explorationLock speedFull tech treeHidden civsTurbo modeCheats
Victory
Defeat
🇨🇴 Spanish · Colombia
732
+16
🇨🇴 Wu · Colombia
722
-16
isarco25girasoles
10:36 Feudal Age
10:42 Feudal Age
12:09 Double-Bit Axe
12:07 Horse Collar
12:04 Man-at-Arms
15:34 Arson
22:57 Castle Age
22:41 Padded Archer Armor
24:10 Forging
24:35 Stone Mining
24:39 Gold Mining
24:12 Long Swordsman
24:16 Elite Skirmisher
25:34 Iron Casting
25:15 Leather Archer Armor
29:25 Bow Saw
30:11 Heavy Plow
30:23 Loom
33:51 Pikeman
34:41 Scale Mail Armor
39:02 Wheelbarrow
38:12 Town Watch
39:02 Wheelbarrow
38:13 Town Watch
Aresito
7:32 Loom
9:42 Feudal Age
10:17 Double-Bit Axe
19:42 Wheelbarrow
20:33 Horse Collar
24:57 Castle Age
23:07 Fletching
26:13 Hand Cart
27:11 Bodkin Arrow
27:17 Padded Archer Armor
30:11 Fervor
30:57 Leather Archer Armor
30:53 Forging
35:49 Imperial Age
33:02 Elite Skirmisher
Connection lost

Rejoining the realm…

Still unreachable

The connection could not be restored.

Session expired

The server has moved on; the page needs a fresh start.